Map: Submarine LE

Players

Napalm - Winner!

  • Race: Zerg Zerg
  • League: Master
  • Spawn Location: 5:00

Myaaaaaamori

  • Race: Zerg Zerg
  • League: Master
  • Spawn Location: 11:00

VOD

Have the link to the VOD?

Description

Time

  • Played on: July 5, 2020, 7:13 a.m.
  • Length: 5:43
Show
View Real Time Build Order
Export as new Build Order

Napalm Zerg - Winner!

Build Orders: Pool First 

Get SALT Encoding   

  12  0:17  Spawning Pool  
  11  0:22  Drone  
  11  0:26  Drone  
  13  0:37  Overlord  
  13  1:04  Zergling x6, Queen  
  18  1:16  Zergling x2  
  19  1:23  Spine Crawler  
  18  1:27  Zergling x2  
  19  1:39  Zergling x2  
  20  1:50  Zergling x2  
  22  1:59  Extractor  
  22  2:00  Drone  
  22  2:03  Hatchery  
  21  2:10  Drone  
  22  2:19  Drone x2  
  21  2:24  Drone  
  22  2:34  Overlord  
  21  2:53  Drone x2  
  21  2:54  Queen  
  25  3:01  Baneling Nest  
  25  3:05  Zergling x2  
  22  3:06  Zergling x2  
  23  3:15  Zergling x4  
  25  3:23  Zergling x2  
  25  3:30  Metabolic Boost  
  25  3:34  Zergling x2  
  25  3:41  Zergling x4  
  27  4:01  Zergling x8  
  27  4:02  Zergling x2  
  25  4:13  Zergling x4  
  25  4:14  Zergling x4  
  26  4:22  Baneling  
  26  4:23  Baneling  
  26  4:25  Zergling x4  
  26  4:29  Baneling, Drone  
  29  4:44  Zergling x6  
  32  4:55  Zergling x4  
  34  5:06  Baneling  
  34  5:07  Baneling  
  34  5:18  Overlord  
Show
View Real Time Build Order
Export as new Build Order

Myaaaaaamori Zerg 

Build Orders: Pool First 

Get SALT Encoding   

  12  0:00  Drone  
  13  0:08  Drone  
  13  0:13  Extractor  
  13  0:15  Drone  
  14  0:23  Extractor, Drone  
  15  0:37  Spawning Pool  
  14  1:04  Hatchery  
  14  1:09  Drone  
  14  1:19  Overlord  
  14  1:37  Zergling x6  
  17  1:40  Metabolic Boost  
  17  1:58  Zergling x2  
  18  2:06  Queen  
  20  2:15  Zergling x2  
  14  2:24  Zergling x4  
  14  2:28  Zergling x2  
  17  2:34  Zergling x2  
  17  2:52  Zergling x8  
  21  3:00  Zergling x2  
  21  3:11  Zergling x4  
  23  3:19  Zergling x4  
  20  3:36  Zergling x6  
  20  3:37  Zergling x2  
  24  3:58  Zergling x8  
  24  4:03  Drone  
  21  4:13  Zergling x4  
  21  4:16  Drone  
  23  4:23  Zergling x2  
  24  4:29  Drone  
  25  4:40  Zergling x6  
  25  4:54  Drone  
  24  5:08  Zergling x8  
  27  5:17  Zergling x2  
  27  5:21  Zergling x2  
Tags
 
Add a new tag
Caveats
  • Supply blocks, unpowered buildings, or Contaminate may cause inaccurate times.
  • Supply counts are checked every 10 seconds.